 Dungeon Crawl Stone Soup version 0.27.1-1-g398f81649c (webtiles) character file.

Game seed: 10011381249840170793

48012 Rickety the Imperceptible (level 14, -6/65 HPs)
             Began as a Spriggan Enchanter on Sept 19, 2021.
             Was a High Priest of Dithmenos.
             Mangled by a cane toad (21 damage)
             ... on level 5 of the Lair of Beasts.
             The game lasted 01:10:09 (21932 turns).

Rickety the Imperceptible (Spriggan Enchanter)     Turns: 21932, Time: 01:10:10

Health: -6/65      AC:  9    Str:  4    XL:     14   Next: 10%
Magic:  23/29      EV: 19    Int: 18    God:    Dithmenos [*****.]
Gold:   1094       SH:  0    Dex: 19    Spells: 15/34 levels left

rFire    . . .     SeeInvis +   a - +1 dagger (venom)
rCold    . . .     Faith    .   (shield restricted)
rNeg     . . .     Spirit   .   W - +0 troll leather armour
rPois    .         Reflect  .   (helmet restricted)
rElec    .         Harm     .   O - +0 cloak
rCorr    .         Rampage  .   (gloves unavailable)
Will     ++...                  (boots unavailable) Stlth ****++++++
                                M - amulet of regeneration
HPRegen  2.20/turn              h - +4 ring of protection
MPRegen  0.21/turn              x - +4 ring of slaying

@: lethally poisoned (-6 -> -10), wreathed by umbra, very quick
A: very small, no large weapons, unfitting armour, see invisible, speed 3
a: Renounce Religion, Shadow Step, Shadow Form


You were on level 5 of the Lair of Beasts.
You worshipped Dithmenos.
Dithmenos was extremely pleased with you.
You visited 4 branches of the dungeon, and saw 19 of its levels.

You collected 1304 gold pieces.
You spent 210 gold pieces at shops.

Inventory:

Hand Weapons
 a - a +1 dagger of venom (weapon)
 l - a +3 dagger
Missiles
 e - 3 throwing nets
 z - 60 poisoned darts (quivered)
 C - 2 curare-tipped darts
Armour
 L - a +1 robe of cold resistance
 O - a +0 cloak (worn)
 Q - a +1 robe of willpower
 W - a +0 troll leather armour (worn)
Jewellery
 h - a +4 ring of protection (left hand)
 x - a +4 ring of slaying (right hand)
 y - a ring of poison resistance
 B - a ring of ice
 F - a ring of willpower
 M - an amulet of regeneration (around neck)
 V - a ring of willpower
Wands
 b - a wand of flame (63)
 j - a wand of digging (13)
 I - a wand of mindburst (19)
 J - a wand of paralysis (4)
 N - a wand of iceblast (14)
 R - a wand of acid (12)
Scrolls
 c - a scroll of identify
 d - a scroll of fog {unknown}
 g - a scroll of torment
 i - a scroll of summoning {unknown}
 r - 2 scrolls of immolation
 u - 7 scrolls of teleportation
 w - 2 scrolls of magic mapping {unknown}
 A - 2 scrolls of acquirement {unknown}
 D - 2 scrolls of silence {unknown}
 K - 2 scrolls of fear {unknown}
 U - 3 scrolls of amnesia {unknown}
 X - a scroll of brand weapon {unknown}
 Y - 3 scrolls of blinking {unknown}
Potions
 f - a potion of ambrosia
 k - 3 potions of magic
 m - a potion of haste {unknown}
 n - a potion of lignification {unknown}
 o - 3 potions of flight
 p - 2 potions of invisibility {unknown}
 q - 6 potions of heal wounds
 s - a potion of mutation {unknown}
 t - 2 potions of might
 v - 9 potions of curing
 P - a potion of cancellation {unknown}
 T - a potion of brilliance {unknown}
Miscellaneous
 G - a lightning rod (4/4)
 Z - a lightning rod (4/4)


   Skills:
 + Level 3.2 Fighting
 + Level 7.0 Short Blades
 - Level 3.0 Throwing
 - Level 2.0 Armour
 + Level 5.6 Dodging
 * Level 22.6 Stealth
 + Level 10.9 Spellcasting
 + Level 10.6 Hexes
 - Level 0.1 Ice Magic
 * Level 7.7 Invocations
 - Level 10.0 Evocations


You had 15 spell levels left.
You knew the following spells:

 Your Spells              Type           Power      Damage    Failure   Level
a - Corona                Hex            53%        N/A       1%          1
b - Ensorcelled Hibernat  Hex/Ice        58%        N/A       1%          2
c - Confusing Touch       Hex            48%        N/A       1%          3
d - Dazzling Flash        Conj/Hex       58%        N/A       4%          3
f - Cause Fear            Hex            24%        N/A       1%          4
t - Tukima's Dance        Hex            48%        N/A       1%          3
I - Inner Flame           Hex/Fire       29%        N/A       4%          3

Your spell library contained the following spells:

 Spells                   Type           Power      Damage    Failure   Level
 Slow                     Hex            48%        N/A       1%          2
 Vampiric Draining        Necr           4%         2d6       36%         3
 Animate Dead             Necr           4%         N/A       77%         4
 Ice Form                 Ice/Tmut       10%        N/A       77%         4
 Borgnjor's Vile Clutch   Necr/Erth      4%         N/A       98%         5
 Fireball                 Conj/Fire      4%         3d4       98%         5
 Irradiate                Conj/Tmut      4%         3d15      98%         5
 Iskenderun's Battlesphe  Conj           9%         2d6       98%         5
 Conjure Ball Lightning   Conj/Air       4%         3x3d6     100%        6
 Death Channel            Necr           4%         N/A       100%        6
 Orb of Destruction       Conj           4%         9d2       100%        7
 Discord                  Hex            24%        N/A       100%        8


Dungeon Overview and Level Annotations

Branches:
Dungeon (11/15)            Temple (1/1) D:4            Lair (6/6) D:11
  Swamp (0/4) Lair:2       Spider (0/4) Lair:4          Orc (1/2) D:9
  Slime: Lair:5-6

Altars:
Ashenzari
Cheibriados
Dithmenos
Elyvilon
Fedhas
Gozag
Hepliaklqana
Kikubaaqudgha
Makhleb
Nemelex Xobeh
Okawaru
Qazlal
Ru
Sif Muna
Trog
Uskayaw
Vehumet
Wu Jian
Xom
Yredelemnul
Zin
The Shining One

Shops:
D:2 =   D:5 ![   D:11 *

Annotations:
D:5 2 transporters
Lair:1 1 runed translucent door, pkoi's ghost, journeyman TrGl
Lair:4 Rupert


Innate Abilities, Weirdness & Mutations

You are very small and have problems with some larger weapons.
You are too small for most types of armour.
You have supernaturally acute eyesight. (SInv)
You cover ground extremely quickly. (Speed+++)


Message History

You spit the eight-headed hydra like a pig!!!!!
You kill the eight-headed hydra!
Dithmenos accepts your kill.
Done exploring.
There is a stone staircase leading down here.
You climb downwards.
There is a stone staircase leading up here.
Done exploring.
There is a stone staircase leading down here.
You climb downwards.
The black mamba bites you.
You are poisoned.
The black mamba poisons you! The black mamba bites you!
You are more poisoned.
The black mamba poisons you! The cane toad completely misses you.
The black mamba bites you!
You are more poisoned.
The black mamba poisons you! The cane toad closely misses you.
There is a stone staircase leading up, spattered with blood here.
You feel extremely sick. The black mamba closely misses you.
The cane toad closely misses you.
The black mamba bites you but does no damage.
You climb upwards.
You feel extremely sick.
There is a stone staircase leading down here.
Unknown command.
Casting: Ensorcelled Hibernation (safe; 1% risk of failure)
Confirm with . or Enter, or press ? or * to list all spells.
The cane toad resists with almost no effort.
The black mamba looks frightened!
The plant is unaffected. x3
You feel extremely sick. The cane toad misses you.
Casting: Cause Fear (dangerous; 1% risk of failure)
Confirm with . or Enter, or press ? or * to list all spells.
Aiming: Ensorcelled Hibernation (safe; 1% risk of failure)
Press: ? - help, Shift-Dir - straight line, f - cane toad
Aim: a cane toad (umbra, chance to affect: 58%)
The cane toad resists with significant effort.
You feel very sick. The cane toad stings you!!
You die...

##.................#..........
##...............####.......##
#...............## ##.......#
##...........#########.....###
#...........####....##....#.#
##^..........###...........###
#.PP.........................#
#.P.........PP.........###..##
####....#...P.@.........#....#
#...#........F.....)..#....##
##..........................P
###.....S....................
#.........................##.
#.........................#..
#........................####
#.......................## #
###....................## #


You could see a black mamba (fleeing) and a cane toad.

Vanquished Creatures
  Gastronok (Lair:3)
  Harold (D:9)
  Fannar (Lair:1)
  6 hydras
  A two-headed ogre (D:11)
  A boulder beetle (D:11)
  3 death yaks (Lair:4)
  2 bog bodies (Lair:2)
  2 manticores (D:11)
  16 elephants
  Maurice (D:8)
  A black mamba (shapeshifter) (D:10)
  3 black mambas
  A gargoyle (D:11)
  An unseen horror (D:11)
  Psyche (D:8)
  5 cane toads
  3 rime drakes
  17 komodo dragons
  Maggie (Lair:1)
  5 kobold demonologists
  2 polar bears
  3 trolls
  A hornet (D:9)
  A slime creature (D:11)
  5 dream sheep (Lair:4)
  11 blink frogs
  Prince Ribbit (D:8)
  A dream sheep (shapeshifter) (D:9)
  A wraith (D:6)
  2 shadows (D:10)
  5 wyverns
  37 yaks
  4 basilisks
  2 steam dragons
  Grum (D:11)
  2 wargs (Orc:1)
  5 water moccasins
  9 orc warriors
  A swamp drake (D:11)
  2 ice beasts (D:6)
  A hornet zombie (D:8)
  2 sky beasts (D:6)
  3 black bears
  A necrophage (D:6)
  An ogre (D:6)
  20 wolves
  2 centaurs
  6 kobold brigands
  A phantom (D:4)
  A wyvern zombie (D:7)
  14 bullfrogs
  3 scorpions
  2 water moccasin zombies
  5 killer bees
  A howler monkey (D:6)
  2 electric eels (Lair:3)
  3 bullfrog zombies
  4 centaur zombies
  A bullfrog skeleton (D:5)
  A jelly (D:7)
  4 hounds
  4 orc priests
  Natasha (thrice) (D:3)
  Ijyb (D:3)
  6 orc wizards
  2 killer bee zombies
  2 hound skeletons
  4 howler monkey zombies
  Robin (D:2)
  14 adders
  A howler monkey skeleton (D:5)
  2 shadow imps
  4 white imps
  2 ufetubi (D:6)
  2 worms
  3 dart slugs
  24 orcs
  12 ball pythons
  7 endoplasms
  6 giant cockroaches
  15 hobgoblins
  4 jackals (D:3)
  5 quokkas
  9 bats
  A frilled lizard (D:1)
  19 goblins
  19 kobolds
  2 rats
421 creatures vanquished.

Vanquished Creatures (collateral kills)
  A two-headed ogre (D:10)
  2 orc warriors (Orc:1)
  An ogre (D:9)
  A centaur (D:10)
  An orc wizard (D:7)
  3 orcs
  2 kobolds (D:8)
11 creatures vanquished.

Vanquished Creatures (others)
  4 dancing weapons
  A bush (Lair:5)
  17 fungi
  20 plants
42 creatures vanquished.

Grand Total: 474 creatures vanquished

Notes
Turn   | Place    | Note
-------+----------+-------------------------------------------
     0 | D:1      | Rickety the Spriggan Enchanter began the quest for the Orb.
     0 | D:1      | Reached XP level 1. HP: 9/9 MP: 5/5
   591 | D:1      | Reached XP level 2. HP: 10/13 MP: 3/6
   594 | D:1      | Learned a level 2 spell: Ensorcelled Hibernation
  1371 | D:1      | Found a faded altar of an unknown god.
  1376 | D:1      | Reached skill level 5 in Stealth
  1664 | D:1      | Reached XP level 3. HP: 15/16 MP: 0/8
  1668 | D:1      | Learned a level 3 spell: Confusing Touch
  2345 | D:2      | Reached skill level 6 in Stealth
  2458 | D:2      | Found a shimmering blue altar of Sif Muna.
  2709 | D:2      | Reached XP level 4. HP: 21/21 MP: 6/9
  2786 | D:2      | Learned a level 3 spell: Tukima's Dance
  2908 | D:2      | Found Eshruidel's Jewellery Boutique.
  3576 | D:3      | Reached skill level 7 in Stealth
  3594 | D:3      | Noticed Ijyb
  3663 | D:3      | Killed Ijyb
  3664 | D:3      | Reached XP level 5. HP: 24/24 MP: 5/10
  3785 | D:3      | Noticed Natasha
  3796 | D:3      | Killed Natasha
  3797 | D:3      | Reached skill level 8 in Stealth
  3800 | D:3      | Noticed Natasha
  4029 | D:3      | Killed Natasha
  4051 | D:3      | Noticed Robin
  4141 | D:2      | Killed Robin
  4142 | D:2      | Reached skill level 5 in Hexes
  4258 | D:3      | Reached XP level 6. HP: 28/28 MP: 11/11
  4333 | D:3      | Found a glowing silver altar of Zin.
  4363 | D:3      | Noticed Natasha
  4369 | D:3      | Killed Natasha
  5063 | D:4      | Found a staircase to the Ecumenical Temple.
  5082 | Temple   | Entered the Ecumenical Temple
  5207 | Temple   | Became a worshipper of Dithmenos the Shadowed
  5516 | D:4      | Reached skill level 1 in Evocations
  5951 | D:5      | Entered Level 5 of the Dungeon
  5974 | D:5      | Found Lyaxty's Distillery.
  5978 | D:5      | Bought a potion of curing for 45 gold pieces
  5978 | D:5      | Bought a potion of heal wounds for 75 gold pieces
  5978 | D:5      | Bought a potion of degeneration for 15 gold pieces
  5988 | D:5      | Found a transporter.
  6023 | D:5      | Reached skill level 9 in Stealth
  6036 | D:5      | Reached XP level 7. HP: 31/32 MP: 7/13
  6040 | D:5      | Learned a level 3 spell: Dazzling Flash
  6331 | D:5      | Bought a potion of heal wounds for 75 gold pieces
  6338 | D:5      | Found a transporter.
  6488 | D:5      | Reached skill level 1 in Fighting
  6769 | D:5      | Found Bytumil's Antique Armour Shoppe.
  6853 | D:5      | You fall into a shaft and drop 3 floors!
  6853 | D:8      | Noticed Prince Ribbit
  6855 | D:8      | Killed Prince Ribbit
  6856 | D:8      | Reached skill level 10 in Stealth
  6856 | D:8      | Reached XP level 8. HP: 37/37 MP: 15/15
  6953 | D:6      | Reached * piety under Dithmenos
  6954 | D:6      | Reached skill level 11 in Stealth
  6998 | D:6      | Reached skill level 5 in Spellcasting
  7211 | D:6      | Reached skill level 12 in Stealth
  7465 | D:6      | Reached XP level 9. HP: 42/42 MP: 18/18
  7971 | D:6      | Reached skill level 5 in Evocations
  8423 | D:6      | Reached skill level 13 in Stealth
  8646 | D:6      | Reached skill level 1 in Invocations
  8879 | D:7      | You fall into a shaft and drop 2 floors!
  8895 | D:9      | Noticed a fire crab
  8898 | D:9      | Reached ** piety under Dithmenos
  8934 | D:9      | Reached skill level 5 in Short Blades
  8962 | D:9      | Reached skill level 14 in Stealth
  8967 | D:9      | Noticed Harold
  8980 | D:8      | Found a stormy altar of Qazlal.
  9121 | D:8      | Noticed Psyche
  9123 | D:8      | Killed Psyche
  9124 | D:8      | Reached XP level 10. HP: 46/46 MP: 21/21
  9486 | D:7      | Found a bloodstained altar of Trog.
 10567 | D:7      | Reached skill level 15 in Stealth
 10765 | D:7      | Reached *** piety under Dithmenos
 10944 | D:8      | Found a snail-covered altar of Cheibriados.
 10944 | D:8      | Found a broken altar of Ashenzari.
 10945 | D:8      | Noticed Maurice
 10950 | D:8      | Killed Maurice
 11011 | D:8      | Found an opulent altar of Gozag.
 11316 | D:9      | Killed Harold
 11317 | D:9      | Reached skill level 16 in Stealth
 11317 | D:9      | Reached XP level 11. HP: 47/51 MP: 12/24
 11665 | D:9      | Found a staircase to the Orcish Mines.
 11752 | D:10     | Entered Level 10 of the Dungeon
 11887 | Orc:1    | Entered Level 1 of the Orcish Mines
 12438 | Orc:1    | Noticed an orc high priest
 13277 | D:10     | Reached skill level 1 in Throwing
 13469 | D:10     | Learned a level 4 spell: Cause Fear
 13504 | D:10     | Noticed a two-headed ogre
 13531 | D:10     | Killed a two-headed ogre
 13885 | D:11     | Reached **** piety under Dithmenos
 14055 | D:11     | Reached skill level 17 in Stealth
 14185 | D:11     | Found a staircase to the Lair.
 14307 | D:11     | Noticed a boulder beetle
 14311 | D:11     | Killed a boulder beetle
 14339 | D:11     | Reached skill level 5 in Dodging
 14359 | D:11     | Reached skill level 5 in Invocations
 14636 | Lair:1   | Entered Level 1 of the Lair of Beasts
 14662 | Lair:1   | Noticed Grum
 14663 | Lair:1   | Noticed Fannar
 14695 | D:11     | Reached XP level 12. HP: 14/56 MP: 11/26
 14807 | D:11     | Killed Grum
 15023 | D:11     | Got Walisch's Handbook of Moulding
 15146 | D:11     | Found Narchizi's Serpentskin Sales.
 15168 | D:11     | Noticed a two-headed ogre
 15171 | D:11     | Reached skill level 18 in Stealth
 15207 | D:11     | Killed a two-headed ogre
 15667 | Lair:1   | Killed Fannar
 15714 | Lair:1   | Found a runed translucent door.
 15715 | Lair:1   | Found a shimmering altar of Xom.
 15715 | Lair:1   | Noticed pkoi's ghost (journeyman TrGl)
 15749 | Lair:1   | Noticed Maggie
 15756 | Lair:1   | Killed Maggie
 15826 | Lair:1   | You fall into a shaft and drop 1 floor!
 15851 | Lair:2   | Noticed a five-headed hydra
 15871 | Lair:2   | Killed a five-headed hydra
 16011 | Lair:2   | Found a staircase to the Swamp.
 16438 | Lair:1   | Reached skill level 1 in Armour
 16828 | Lair:2   | Reached ***** piety under Dithmenos
 16857 | Lair:2   | Reached skill level 19 in Stealth
 17212 | Lair:2   | Reached skill level 10 in Evocations
 17281 | Lair:2   | Reached skill level 10 in Hexes
 17325 | Lair:2   | Noticed an eight-headed hydra
 17332 | Lair:2   | Killed an eight-headed hydra
 17784 | Lair:3   | Reached skill level 20 in Stealth
 17820 | Lair:3   | Reached skill level 10 in Spellcasting
 17820 | Lair:3   | Reached XP level 13. HP: 59/59 MP: 26/28
 17846 | Lair:3   | Noticed Gastronok
 17853 | Lair:3   | Killed Gastronok
 18746 | Lair:4   | Reached skill level 21 in Stealth
 18810 | Lair:4   | Found a shadowy altar of Dithmenos.
 18920 | Lair:4   | Noticed Rupert
 20075 | Lair:4   | Reached skill level 22 in Stealth
 20175 | Lair:4   | Found a hole to the Spider Nest.
 20814 | Lair:5   | Learned a level 3 spell: Inner Flame
 21078 | Lair:5   | Reached XP level 14. HP: 50/65 MP: 16/29
 21568 | Lair:6   | Entered Level 6 of the Lair of Beasts
 21932 | Lair:5   | Mangled by a cane toad

Illustrated notes

Levels and vault maps discovered:
D:1:      minmay_arrival_four_houses, layout_basic, serial_curves,
          eino_curves_02, eino_curves_02, basic_ecumenical_altar
D:2:      layout_basic, serial_shops, shop_coins, basic_altar
D:3:      layout_rooms, zin_statuary, kennysheep_doodads, feat_on_display,
          uniq_robin, uniq_natasha, uniq_ijyb
D:4:      layout_rooms, temple_statues
D:5:      gammafunk_wand_slinger, layout_cave_pods, serial_shops, shop,
          kennysheep_mini
D:6:      kennysheep_windowed_halls, layout_basic
D:7:      layout_cave_pools, trog_hazing_becter
D:8:      layout_rooms, kennysheep_mini_moat, mainiacjoe_overflow_tiny_flanked,
          gammafunk_temple_overflow_pools, uniq_prince_ribbit1, uniq_maurice,
          uniq_psyche
D:9:      layout_cave_pools, orc_0_dummy, kennysheep_nondescript,
          hangedman_abyss_or_decor_slice, uniq_harold
D:10:     layout_basic, minmay_chambers_of_fives
D:11:     minmay_inside_and_out, layout_gridville, erik_lair_dragon,
          nrook_pool_corridor, guppyfry_shop_venom
Temple:   regret_index_temple_sphere_string
Lair:1:   layout_regular_city, ebering_ghost_xom, uniq_grum, uniq_fannar,
          uniq_maggie
Lair:2:   layout_chaotic_city, skrybe_swamp_entry_bodies, minivault_26,
          grunt_megastairs_5
Lair:3:   layout_regular_city, nicolae_quartered_pool_medium,
          chequers_serial_rivers_micro_c, serial_bayou_shore_a,
          grunt_megastairs_2, uniq_gastronok
Lair:4:   layout_loops_ring, spider_nest_entry_web_field, basic_altar,
          uniq_rupert
Lair:5:   layout_cave_pods
Lair:6:   grunt_lair_end_beastmaster, layout_gridlike, slime_altar_1,
          gammafunk_ghost_icy, kilobyte_rumbling_trees
Orc:1:    lemuel_ogre_cave, layout_caves, mines4_lemuel

Skill      XL: |  1  2  3  4  5  6  7  8  9 10 11 12 13 14 |
---------------+-------------------------------------------+-----
Hexes          | 4 5 6 7 8 9 10 | 10.6
Stealth        | 5 6 7 8 9 10 12 14 16 17 20 22 | 22.6
Spellcasting   | 3 4 5 7 8 9 10 | 10.9
Short Blades   | 2 3 4 5 6 7 |  7.0
Dodging        | 3 4 5 |  5.6
Evocations     | 1 3 4 6 7 8 10 | 10.0
Fighting       | 1 2 3 |  3.2
Invocations    | 1 3 5 6 7 |  7.7
Throwing       | 2 3 |  3.0
Armour         | 1 2 |  2.0
Ice Magic      | |  0.1

Action                   |  1- 3 |  4- 6 |  7- 9 | 10-12 | 13-15 || total
-------------------------+-------+-------+-------+-------+-------++-------
Melee: Dagger            |    92 |   226 |   172 |   395 |   252 ||  1137
Throw: Dart              |       |       |       |    15 |     8 ||    23
       Throwing net      |       |       |       |       |     3 ||     3
 Cast: Corona            |     4 |     1 |       |       |       ||     5
       Ensorcelled Hiber |    39 |    50 |    42 |   105 |    39 ||   275
       Confusing Touch   |       |     4 |    19 |    33 |    11 ||    67
       Tukima's Dance    |       |       |     6 |    29 |    11 ||    46
       Dazzling Flash    |       |       |       |    20 |    10 ||    30
       Cause Fear        |       |       |       |     4 |     1 ||     5
Invok: Shadow Step       |       |       |       |       |     3 ||     3
  Use: Potion            |       |       |     1 |     1 |       ||     2
       Scroll            |       |       |       |     9 |     2 ||    11
 Stab: Sleeping          |    32 |    34 |    36 |   102 |    57 ||   261
       Distracted        |     1 |     3 |     1 |     3 |       ||     8
       Confused          |       |     2 |    17 |    24 |    13 ||    56
       Invisible         |       |       |       |    10 |     5 ||    15
       Held in net/web   |       |       |       |       |     4 ||     4
Armor: Robe              |    12 |    29 |    29 |    16 |       ||    86
       Steam dragon scal |       |       |       |    22 |       ||    22
       Troll leather arm |       |       |       |    28 |    20 ||    48
Dodge: Dodged            |    70 |   141 |   132 |   338 |   155 ||   836
